 Dungeon Crawl Stone Soup version 0.30-a0-571-gdf30a72648 (webtiles) character file.

Game seed: 12507975274693482266

1288 Farfigtubin the Vexing (level 8, 0/61 HPs)
             Began as a Gnoll Hexslinger on Dec 29, 2022.
             Was a Believer of Qazlal.
             Slain by a red devil
             ... wielding a +0 trident
             ... summoned by a kobold demonologist
              (10 damage)
             ... on level 5 of the Dungeon.
             The game lasted 01:00:52 (6027 turns).

Farfigtubin the Vexing (Gnoll Hexslinger)           Turns: 6027, Time: 01:00:52

Health: 0/61       AC:  6    Str:  9    XL:     8   Next: 55%
Magic:  7/14       EV: 14    Int: 20    God:    Qazlal [**....]
Gold:   216        SH:  2    Dex: 12    Spells: 9/16 levels left

rFire   x . .      SeeInvis +    b - +7 mace of Soco {protect, rC+ Int+4}
rCold   + + .      Faith    .    (no shield)
rNeg    . . .      Spirit   .    c - +0 robe
rPois   .          Reflect  .    (no helmet)
rElec   .          Harm     .    t - +1 cloak
rCorr   .          Rampage  .    (no gloves)
Will    .....                    k - +2 pair of boots
Stlth   ++                       (no amulet)
HPRegen 0.30/turn                m - ring of see invisible
MPRegen 0.14/turn                B - ring of ice

@: spiked, corroded, under a protective aura
A: fangs 1, strong nose, distributed training
a: Renounce Religion, Upheaval


You were on level 5 of the Dungeon.
You worshipped Qazlal.
Qazlal was pleased with you.
You visited 1 branch of the dungeon, and saw 6 of its levels.

You collected 216 gold pieces.

Inventory:

Hand Weapons
 a - a +1 sling
 b - the +7 mace of Soco (weapon) {protect, rC+ Int+4}
   (You took it off a goblin on level 2 of the Dungeon)

   It grants its wielder temporary protection when it strikes (+7 to AC).
   Int:       It affects your intelligence (+4).
   rC:        It protects you from cold.
 s - a +4 quarterstaff of chaos
Missiles
 w - a throwing net
Armour
 c - a +0 robe (worn)
 k - a +2 pair of boots (worn)
 t - a +1 cloak (worn)
Magical Staves
 j - a staff of fire
 x - a staff of fire
Jewellery
 m - a ring of see invisible (left hand)
 B - a ring of ice (right hand)
Wands
 v - a wand of paralysis (6)
Scrolls
 f - a scroll of enchant weapon {unknown}
 g - 2 scrolls of identify {unknown}
 n - 2 scrolls of fear {unknown}
 o - a scroll of poison
 p - 2 scrolls of blinking {unknown}
 q - a scroll of teleportation {unknown}
 u - a scroll of amnesia {unknown}
 y - a scroll of vulnerability {unknown}
 A - 2 scrolls of enchant armour {unknown}
 D - a scroll of immolation {unknown}
 E - a scroll of noise {unknown}
 F - a scroll of summoning {unknown}
Potions
 d - 5 potions of curing
 e - 2 potions of attraction {unknown}
 h - 2 potions of flight {unknown}
 i - a potion of heal wounds {unknown}
 l - a potion of degeneration {unknown}
 r - a potion of berserk rage {unknown}
 z - 2 potions of lignification {unknown}
 C - a potion of haste {unknown}


   Skills:
 + Level 4.4 Fighting
 + Level 3.5 Short Blades
 + Level 3.5 Long Blades
 + Level 3.5 Axes
 + Level 3.5 Maces & Flails
 + Level 3.5 Polearms
 + Level 3.5 Staves
 + Level 5.8 Ranged Weapons
 + Level 3.5 Throwing
 + Level 3.5 Armour
 + Level 5.8 Dodging
 + Level 3.5 Stealth
 + Level 3.5 Shields
 + Level 3.5 Unarmed Combat
 + Level 4.5 Spellcasting
 + Level 2.9 Conjurations
 + Level 6.2 Hexes
 + Level 2.9 Summonings
 + Level 2.9 Necromancy
 + Level 2.9 Translocations
 + Level 2.9 Transmutations
 + Level 2.9 Fire Magic
 + Level 2.9 Ice Magic
 + Level 2.9 Air Magic
 + Level 2.9 Earth Magic
 + Level 2.9 Poison Magic
 + Level 3.9 Invocations
 + Level 3.5 Evocations


You had 9 spell levels left.
You knew the following spells:

 Your Spells              Type           Power      Damage    Failure   Level
a - Slow                  Hex            100%       N/A       1%          1
b - Dazzling Flash        Conj/Hex       44%        N/A       5%          3
c - Teleport Other        Tloc           16%        N/A       11%         3

Your spell library contained the following spells:

 Spells                   Type           Power      Damage    Failure   Level
 Cigotuvi's Dreadful Rot  Necr/Pois/Air  32%        N/A       5%          2
 Poisonous Vapours        Pois/Air       32%        N/A       5%          2
 Static Discharge         Conj/Air       32%        2-4/arc   5%          2
 Inner Flame              Hex/Fire       22%        N/A       5%          3
 Portal Projectile        Hex/Tloc       44%        N/A       5%          3
 Cause Fear               Hex            14%        N/A       10%         4
 Gell's Gravitas          Tloc           16%        N/A       11%         3
 Mephitic Cloud           Conj/Pois/Air  16%        N/A       11%         3
 Ozocubu's Armour         Ice            24%        N/A       11%         3
 Stone Arrow              Conj/Erth      32%        3d9       11%         3
 Vhi's Electric Charge    Tloc/Air       32%        N/A       11%         3
 Animate Armour           Summ/Erth      32%        N/A       36%         4
 Dispel Undead            Necr           16%        3d10      36%         4
 Iskenderun's Mystic Bla  Conj/Tloc      16%        2d5       36%         4
 Arcjolt                  Conj/Air       8%         1d18      71%         5
 Lightning Bolt           Conj/Air       8%         1d20      71%         5
 Death Channel            Necr           8%         N/A       99%         6
 Dispersal                Tloc           8%         N/A       99%         6
 Starburst                Conj/Fire      8%         6d4       99%         6
 Ozocubu's Refrigeration  Ice            12%        4d10      100%        7
 Lehudib's Crystal Spear  Conj/Erth      8%         10d3      100%        8


Dungeon Overview and Level Annotations

Branches:
Dungeon (6/15)             Temple (0/1) D:6

Altars:
Cheibriados
Hepliaklqana
Kikubaaqudgha
Nemelex Xobeh
Okawaru
Qazlal
Ru
Trog
Uskayaw
Yredelemnul
The Shining One

Shops:
D:2 [[!   D:4 *


Innate Abilities, Weirdness & Mutations

You have very sharp teeth.
Your uncanny sense of smell can sniff out nearby items.
Your experience applies equally to all skills.


Message History

Casting: Slow (safe; 1% risk of failure)
Confirm with . or Enter, or press ? or * to list all spells.
Aiming: Teleport Other (dangerous; 11% risk of failure)
Press: ? - help, Shift-Dir - straight line, f - red devil, p - kobold demonologist
Aim: a red devil, wielding a +0 trident (summoned, chance to affect: 22%)
The red devil resists with almost no effort.
The kobold demonologist looks braver for a moment.
The red devil hits you from afar with a +0 trident.
Barbed spikes become lodged in your body.
You closely miss the kobold demonologist.
The kobold demonologist is moderately wounded.
The kobold demonologist casts a spell.
The red devil hits you from afar with a +0 trident!
* * * LOW HITPOINT WARNING * * *
Barbed spikes become lodged in your body.
The kobold demonologist casts a cantrip, but nothing happens.
You sock the kobold demonologist!
The kobold demonologist is heavily wounded.
The red devil misses you.
The kobold demonologist closely misses you.
You hit the kobold demonologist.
The kobold demonologist is heavily wounded.
The red devil barely misses you.
The kobold demonologist barely misses you.
The rust devil hits you. The rust devil corrodes you! The red devil misses you.
You thump the kobold demonologist!
The kobold demonologist is severely wounded.
The kobold demonologist mumbles some strange words.
The rust devil hits you. The rust devil corrodes you!
The red devil hits you from afar with a +0 trident.
* * * LOW HITPOINT WARNING * * *
Barbed spikes become lodged in your body.
You hit the kobold demonologist but do no damage.
You punch the kobold demonologist, but do no damage.
The kobold demonologist is severely wounded.
The kobold demonologist hits you with a +0 dagger.
* * * LOW HITPOINT WARNING * * *
The rust devil barely misses you.
The red devil hits you from afar with a +0 trident!
You die...

#.............# #.'...
#.........#...# #.'..#
#......)..#.#.# ###.#†
#.............########..#
###.#.###.###........##..
#.#.#.....#.........##.
#..3#..4..#..........##
#.#..4..............[.#
#...#K@...#............
##..#.....#............
##.###.###.####.##....
#.........# #.##....
##.######.####.#.....
#####.# #...............
#.....###....####.......
#............# #.#.....
#.....###...## #.#.....


You could see a rust devil (summoned), a kobold demonologist, a smoke demon
(summoned) and a red devil (summoned).

Vanquished Creatures
  Edmund (D:6)
  A water moccasin (D:5)
  2 black bears
  A bullfrog (D:3)
  A scorpion (D:5)
  2 howler monkeys
  3 hounds
  A jelly (D:5)
  Crazy Yiuf (D:3)
  4 orc priests
  Terence (D:2)
  2 iguanas (D:5)
  Natasha (D:2)
  3 orc wizards
  8 adders
  A gnoll (D:5)
  A white imp (D:6)
  3 ufetubi (D:5)
  3 worms
  5 dart slugs
  29 orcs
  6 ball pythons
  3 endoplasms
  A giant cockroach (D:1)
  4 goblins
  5 hobgoblins
  7 jackals
  3 quokkas
  9 bats
  5 frilled lizards
  7 kobolds
  5 rats
129 creatures vanquished.

Vanquished Creatures (others)
  2 plants (D:5)
2 creatures vanquished.

Grand Total: 131 creatures vanquished

Notes
Turn   | Place    | Note
-------+----------+-------------------------------------------
     0 | D:1      | Farfigtubin the Gnoll Hexslinger began the quest for the
                  | Orb.
     0 | D:1      | Reached XP level 1. HP: 17/17 MP: 4/4
   189 | D:1      | Reached XP level 2. HP: 23/23 MP: 2/5
   520 | D:1      | Reached XP level 3. HP: 28/28 MP: 5/7
  1060 | D:2      | Found Nuabuzu's Antique Armour Shop.
  1352 | D:2      | Reached skill level 1 in Invocations
  1372 | D:2      | Found Wiych's Distillery.
  1376 | D:2      | Identified the +7 mace of Soco {protect, rC+ Int+4}
  1543 | D:2      | Reached skill level 1 in Short Blades
  1543 | D:2      | Reached skill level 1 in Long Blades
  1543 | D:2      | Reached skill level 1 in Axes
  1543 | D:2      | Reached skill level 1 in Maces & Flails
  1543 | D:2      | Reached skill level 1 in Polearms
  1543 | D:2      | Reached skill level 1 in Staves
  1543 | D:2      | Reached skill level 1 in Throwing
  1543 | D:2      | Reached skill level 1 in Armour
  1543 | D:2      | Reached skill level 1 in Stealth
  1543 | D:2      | Reached skill level 1 in Shields
  1543 | D:2      | Reached skill level 1 in Unarmed Combat
  1543 | D:2      | Reached skill level 1 in Evocations
  1543 | D:2      | Reached XP level 4. HP: 30/34 MP: 6/8
  1584 | D:2      | Reached skill level 1 in Conjurations
  1584 | D:2      | Reached skill level 1 in Summonings
  1584 | D:2      | Reached skill level 1 in Necromancy
  1584 | D:2      | Reached skill level 1 in Translocations
  1584 | D:2      | Reached skill level 1 in Transmutations
  1584 | D:2      | Reached skill level 1 in Fire Magic
  1584 | D:2      | Reached skill level 1 in Ice Magic
  1584 | D:2      | Reached skill level 1 in Air Magic
  1584 | D:2      | Reached skill level 1 in Earth Magic
  1584 | D:2      | Reached skill level 1 in Poison Magic
  1707 | D:2      | Found Adifor's Antique Armour Shop.
  1729 | D:2      | Noticed Terence
  1755 | D:2      | Killed Terence
  1756 | D:2      | Reached XP level 5. HP: 25/40 MP: 9/9
  2000 | D:2      | Noticed Natasha
  2009 | D:2      | Killed Natasha
  2257 | D:3      | Reached XP level 6. HP: 33/47 MP: 8/11
  2357 | D:3      | Found a stormy altar of Qazlal.
  2364 | D:3      | Became a worshipper of Qazlal Stormbringer
  2484 | D:3      | Found a runed translucent door.
  2485 | D:3      | Noticed Crazy Yiuf
  2496 | D:3      | Killed Crazy Yiuf
  2497 | D:3      | Reached skill level 5 in Ranged Weapons
  2497 | D:3      | Reached skill level 5 in Dodging
  2504 | D:3      | Identified the +2 hammer "Zabraf" {heavy, *Noise rPois
                  | rCorr Int+2}
  2917 | D:3      | Learned a level 3 spell: Dazzling Flash
  3046 | D:3      | Found a basalt altar of Yredelemnul.
  3049 | D:3      | Found a hide-covered altar of Uskayaw.
  3050 | D:3      | Found a sparkling altar of Nemelex Xobeh.
  3065 | D:3      | Found an iron altar of Okawaru.
  3087 | D:3      | Found a bloodstained altar of Trog.
  3090 | D:3      | Found a hazy altar of Hepliaklqana.
  3093 | D:3      | Found a snail-covered altar of Cheibriados.
  3221 | D:3      | Learned a level 3 spell: Teleport Other
  3292 | D:4      | Reached * piety under Qazlal
  3670 | D:4      | Found Cuddayh's Overcharged Wands.
  3699 | D:4      | Reached XP level 7. HP: 34/52 MP: 4/12
  4346 | D:5      | Entered Level 5 of the Dungeon
  4790 | D:5      | Found a sacrificial altar of Ru.
  4929 | D:5      | Reached skill level 6 in Hexes
  5052 | D:5      | Found an ancient bone altar of Kikubaaqudgha.
  5073 | D:5      | Reached XP level 8. HP: 60/60 MP: 11/14
  5284 | D:5      | Reached ** piety under Qazlal
  5462 | D:6      | Noticed Edmund
  5600 | D:6      | Killed Edmund
  5623 | D:6      | Found a glowing golden altar of the Shining One.
  5644 | D:6      | Noticed a yak
  5645 | D:6      | Noticed a yak
  5782 | D:6      | Found a staircase to the Ecumenical Temple.
  5921 | D:6      | Noticed a kobold demonologist
  6009 | D:6      | Noticed a kobold demonologist
  6012 | D:6      | Noticed an ice devil
  6015 | D:5      | Noticed a red devil
  6024 | D:5      | Noticed a rust devil
  6027 | D:5      | Noticed a smoke demon
  6027 | D:5      | Slain by a red devil

Illustrated notes

Levels and vault maps discovered:
D:1:      ncdulo_wetmaze, layout_basic
D:2:      layout_loops_corners, serial_shops, shop_statue, nicolae_square_shop,
          shop, uniq_terence, uniq_natasha
D:3:      layout_loops_corners, grunt_qazlal_clouds,
          nicolae_overflow_hallway_of_the_gods, uniq_crazy_yiuf_cottage
D:4:      layout_loops_corners, nicolae_shop_overcharged_wands
D:5:      layout_basic, lemuel_doored_altar, nicolae_ru_awakened_eye,
          st_stairs_3, serial_bayou_pond_e, kennysheep_cluttered_room
D:6:      layout_cave_pools, overflow_temple_1_default, temple_pool_b,
          serial_shops, nicolae_shop_trees, abandoned_shop, uniq_edmund

Skill      XL: |  1  2  3  4  5  6  7 |
---------------+----------------------+-----
Invocations    | 1 2 3 |  3.9
Short Blades   | 1 2 3 |  3.5
Long Blades    | 1 2 3 |  3.5
Axes           | 1 2 3 |  3.5
Maces & Flails | 1 2 3 |  3.5
Polearms       | 1 2 3 |  3.5
Staves         | 1 2 3 |  3.5
Throwing       | 1 2 3 |  3.5
Armour         | 1 2 3 |  3.5
Stealth        | 1 2 3 |  3.5
Shields        | 1 2 3 |  3.5
Unarmed Combat | 1 2 3 |  3.5
Spellcasting   | 3 4 |  4.5
Evocations     | 1 2 3 |  3.5
Conjurations   | 1 2 |  2.9
Summonings     | 1 2 |  2.9
Necromancy     | 1 2 |  2.9
Translocations | 1 2 |  2.9
Transmutations | 1 2 |  2.9
Fire Magic     | 1 2 |  2.9
Ice Magic      | 1 2 |  2.9
Air Magic      | 1 2 |  2.9
Earth Magic    | 1 2 |  2.9
Poison Magic   | 1 2 |  2.9
Fighting       | 3 4 |  4.4
Ranged Weapons | 5 |  5.8
Dodging        | 5 |  5.8
Hexes          | 6 |  6.2

Action                   |  1- 3 |  4- 6 |  7- 9 || total
-------------------------+-------+-------+-------++-------
Melee: Mace              |    16 |   153 |   167 ||   336
       Bite              |     2 |    17 |    18 ||    37
       Punch             |       |       |     6 ||     6
 Fire: Sling             |   118 |     4 |     4 ||   126
 Cast: Slow              |    40 |    52 |    67 ||   159
       Dazzling Flash    |       |     6 |    22 ||    28
       Teleport Other    |       |     1 |    11 ||    12
Invok: Upheaval          |       |       |     1 ||     1
Evoke: Wand              |       |       |     1 ||     1
  Use: Potion            |       |       |     1 ||     1
 Stab: Sleeping          |       |     1 |       ||     1
       Invisible         |       |     1 |     5 ||     6
       Paralysed         |       |       |     9 ||     9
Armor: Robe              |    36 |    50 |    60 ||   146
Dodge: Dodged            |    63 |    81 |   117 ||   261
Block: Other             |       |     1 |    15 ||    16

Table legend: (Time is in decaauts)
 A = Elapsed time spent in this place.
 B = Non-inter-level travel time spent in this place.
 C = Inter-level travel time spent in this place.
 D = Time resting spent in this place.
 E = Time spent auto-exploring this place.
 F = Levels seen in this place.
 G = Mean time per level.
                   A        B        C        D        E       F      G
               +--------+--------+--------+--------+--------+-----+--------+
         Total |   6139 |   6006 |    133 |    394 |   2153 |   6 | 1023.2 |
       Dungeon |   6139 |   6006 |    133 |    394 |   2153 |   6 | 1023.2 |
               +--------+--------+--------+--------+--------+-----+--------+

Top non-repeatable levels by time:
     D:5: 1412 daAuts
     D:2: 1189 daAuts
     D:4: 1133 daAuts
     D:3: 1080 daAuts
     D:1: 1015 daAuts
     D:6: 308 daAuts
